Description

The beginning until the pressure

Build Order

Get SALT Encoding   

  14  0:17  Pylon  
  16  0:38  Gateway  
  17  0:45  Assimilator  1 probe gaz rally poiint on
  20  1:25  Cybernetics Core  
  21  1:37  Nexus  
  21  1:42  Pylon  
  22  1:51  Assimilator  3/3
  23  2:22  Adept (Chrono Boost)  chrono
  25  2:01  Warp Gate  
  26  2:22  Adept (Chrono Boost)  chrono
  29  2:28  Twilight Council  
  30  2:39  Gateway  
  31  3:06  Blink  
  37  3:17  Robotics Facility  
  39  3:29  Gateway  
  41  3:34  Gateway  
  41  3:41  Pylon  
  43  3:42  Stalker  
  45  3:56  Assimilator  
  47  4:04  Warp Prism  
  49  4:06  Pylon  
  49  4:13  Stalker  
  53  4:17  Pylon  
  53  4:24  Stalker x2  
  57  4:31  Stalker  
Spawning Tool Build Advisor. Get it on Overwolf

Go to:

Details

  • Created by: Azzran
  • Published on: May 29, 2023
  • Modified on: May 29, 2023
  • Patch: 5.0.11
  • Difficulty: Medium
Show
View Real Time Build Order
Export as new Build Order

Comments (0)

There are no comments. Be the first!

Create an account to comment!